Map: 돌개바람 - 래더

Players

INnoVation - Winner!

  • Race: Terran Terran
  • League: Master
  • Spawn Location: 7:00

soO

  • Race: Zerg Zerg
  • League: Master
  • Spawn Location: 11:00

VOD

Have the link to the VOD?

Description

Time

  • Played on: Nov. 27, 2016, 6:06 a.m.
  • Length: 13:18
Show
View Real Time Build Order
Export as new Build Order

INnoVation Terran - Winner!

Build Orders: Reaper Expand, MMM Bio 

Get SALT Encoding   

  12  0:00  SCV  
  13  0:13  SCV  
  14  0:17  Supply Depot  
  14  0:25  SCV  
  15  0:38  SCV  
  15  0:41  Barracks  
  16  0:44  Refinery  
  16  0:51  SCV  
  17  1:03  SCV  
  18  1:15  SCV  
  19  1:28  Orbital Command, Reaper  
  20  1:38  Command Center  
  20  1:48  Barracks  
  20  1:53  SCV  
  21  2:01  Barracks Reactor  
  21  2:05  SCV  
  22  2:10  Supply Depot  
  22  2:12  Refinery  
  22  2:18  SCV  
  23  2:23  Factory  
  23  2:32  SCV  
  23  2:35  Barracks Tech Lab  
  24  2:37  Marine x2  
  26  2:44  SCV  
  26  2:49  Orbital Command  
  27  2:55  Marine x2  
  29  3:00  Stimpack, Marine  
  29  3:03  SCV  
  31  3:13  Marine x2  
  31  3:15  SCV x2  
  31  3:18  Marine  
  36  3:23  Starport  
  36  3:25  Factory Reactor  
  36  3:29  SCV  
  36  3:30  SCV  
  37  3:36  Supply Depot  
  37  3:37  Marine x2  
  37  3:38  Marine  
  40  3:43  SCV x2  
  42  3:55  SCV x2  
  44  3:58  Marine x3  
  44  3:59  Supply Depot  
  47  4:06  Medivac x2  
  51  4:11  Engineering Bay  
  51  4:13  SCV x2  
  53  4:17  Supply Depot, Marine  
  53  4:20  Marine x2  
  53  4:22  Supply Depot  
  56  4:25  SCV x2  
  58  4:37  Marine, SCV x2  
  58  4:38  Marine x2  
  62  4:40  Terran Infantry Weapons Level 1  
  63  4:47  Supply Depot  
  63  4:49  SCV x2  
  65  4:54  Medivac  
  65  4:57  Marine x3  
  70  5:01  Combat Shields, SCV x2  
  72  5:07  Command Center  
  72  5:10  Supply Depot  
  72  5:11  Medivac  
  74  5:15  SCV  
  74  5:16  SCV  
  76  5:22  Marine x3  
  79  5:32  Barracks x2  
  79  5:33  Barracks  
  79  5:37  SCV x2  
  79  5:39  Marine  
  79  5:40  Marine x2  
  84  5:42  Refinery  
  84  5:43  Refinery  
  84  5:44  Factory Reactor  
  84  5:49  Supply Depot, SCV  
  85  5:57  Marine x2  
  85  5:58  Marine  
  85  5:59  SCV  
  85  6:01  SCV  
  90  6:05  Supply Depot  
  90  6:11  SCV  
  91  6:13  SCV  
  91  6:15  Marine x3  
  95  6:20  Barracks Reactor  
  95  6:21  Barracks Reactor x2  
  95  6:22  Orbital Command  
  95  6:23  Widow Mine x2, Armory  
  99  6:25  Engineering Bay  
  99  6:30  SCV x2  
  101  6:34  Terran Infantry Armor Level 1  
  101  6:37  Marine x3  
  87  6:55  Widow Mine x2, Marine x2  
  87  6:56  Marine  
  87  6:57  SCV x2  
  87  7:00  Orbital Command  
  90  7:10  Medivac x2, SCV x2  
  90  7:11  Marine x3  
  90  7:12  Terran Infantry Weapons Level 2, Marine x3  
  90  7:13  Marine x2  
  104  7:22  Marine  
  105  7:23  Widow Mine x2  
  105  7:27  SCV  
  105  7:28  Marine, SCV  
  105  7:29  Marine x3  
  114  7:30  SCV  
  116  7:40  Medivac x2, Marine  
  116  7:41  Marine x2  
  116  7:42  Supply Depot x2, Marine  
  116  7:43  Marine  
  125  7:46  Marine, SCV x2  
  125  7:54  Liberator x2  
  125  7:58  Barracks  
  125  7:59  Barracks  
  125  8:00  Barracks  
  125  8:03  Widow Mine x2, SCV  
  125  8:04  Supply Depot  
  130  8:08  Supply Depot  
  130  8:10  Supply Depot  
  130  8:11  Marine  
  130  8:12  Marauder, Marine x2  
  141  8:20  Supply Depot  
  141  8:22  Refinery  
  141  8:26  Marine x5  
  146  8:29  Marine  
  146  8:30  Marine  
  146  8:31  Widow Mine x2  
  146  8:32  Marine  
  146  8:33  Marauder  
  154  8:35  Supply Depot  
  154  8:37  Supply Depot  
  154  8:44  Marine x4  
  154  8:47  Barracks Reactor x2, Barracks Tech Lab  
  154  8:48  Marine x3  
  158  8:50  Marine  
  158  8:55  Marauder  
  164  8:56  Medivac x2  
  164  8:57  Terran Infantry Armor Level 2  
  164  9:01  Marine x3  
  170  9:10  Marauder, Marine x5  
  170  9:16  Marauder  
  177  9:18  Supply Depot  
  177  9:19  Supply Depot, Marine x2  
  178  9:29  Widow Mine x2  
  148  9:33  Medivac x2  
  148  9:34  Marine x7  
  148  9:35  Marine x3  
  143  9:43  Terran Infantry Weapons Level 3  
  139  9:45  Marauder  
  139  9:46  Liberator  
  139  9:47  Liberator  
  139  9:48  Missile Turret  
  139  9:51  Marine x3  
  139  9:52  Marine x3  
  139  9:57  Widow Mine x2  
  145  10:03  Missile Turret  
  151  10:12  Marauder  
  151  10:13  Marauder, Marine x5  
  160  10:15  Marine  
  160  10:17  Marine x2  
  163  10:22  Marine x4  
  163  10:27  Widow Mine x2  
  171  10:31  Marine  
  168  10:38  Marauder x2, Marine x7  
  168  10:40  Marine  
  178  10:51  Medivac x2  
  178  10:52  Marine x2  
  178  10:53  Marine x2  
  178  10:55  Widow Mine x2  
  190  10:57  Marine  
  190  10:58  Marine x3  
  193  11:10  Missile Turret, Marine x7  
  200  11:15  Liberator x2  
  200  11:20  Orbital Command  
  193  11:33  Widow Mine x2  
  193  11:34  Marauder, Marine  
  200  11:45  Bunker  
  194  11:49  Marine x2  
  194  11:50  Marine x5  
  197  11:57  Marauder, Marine  
  200  12:07  Liberator x2  
  171  12:09  Widow Mine x2  
  171  12:10  Marine x12  
  187  12:19  Missile Turret  
  187  12:27  Marauder  
  191  12:32  Marine x7  
  191  12:33  Marine  
  188  12:46  Widow Mine  
  188  12:47  Widow Mine, Marine  
  188  12:48  Marauder x2, Marine x3  
  188  12:50  Marine x7  
Show
View Real Time Build Order
Export as new Build Order

soO Zerg 

Build Orders: Hatch First, Muta Ling Bane 

Get SALT Encoding   

  12  0:00  Drone  
  13  0:12  Overlord  
  13  0:17  Drone  
  14  0:30  Drone x2  
  14  0:34  Drone  
  17  0:51  Hatchery  
  17  0:54  Drone  
  17  0:57  Drone  
  18  1:08  Extractor  
  17  1:12  Spawning Pool  
  17  1:15  Drone  
  17  1:17  Drone  
  18  1:27  Drone  
  19  1:38  Overlord  
  19  1:51  Drone  
  20  1:58  Queen  
  20  1:59  Zergling x2  
  23  2:03  Zergling x2, Queen  
  23  2:08  Metabolic Boost  
  26  2:11  Drone  
  26  2:14  Drone  
  28  2:22  Drone  
  29  2:31  Drone  
  29  2:32  Drone  
  29  2:34  Queen  
  33  2:40  Overlord  
  33  2:45  Pneumatized Carapace  
  33  2:46  Drone x2  
  35  2:53  Drone  
  35  2:59  Drone  
  35  3:03  Drone  
  37  3:06  Zergling x2  
  37  3:07  Drone x2  
  37  3:10  Overlord  
  37  3:11  Overlord  
  37  3:12  Drone  
  41  3:15  Drone  
  42  3:26  Drone  
  42  3:27  Drone  
  44  3:32  Hatchery  
  44  3:33  Drone x2  
  45  3:43  Queen x2  
  45  3:46  Drone  
  50  3:50  Drone  
  52  3:55  Overlord, Drone  
  52  3:59  Drone  
  52  4:00  Evolution Chamber x2  
  51  4:04  Drone  
  51  4:06  Overlord, Drone  
  51  4:09  Extractor  
  52  4:13  Drone x5  
  57  4:26  Zerg Melee Weapons Level 1, Zerg Ground Armor Level 1  
  57  4:27  Queen  
  59  4:37  Zergling x10  
  59  4:38  Queen  
  66  4:47  Zergling x10  
  66  4:52  Queen  
  73  4:58  Zergling x8  
  77  5:03  Drone x3  
  80  5:07  Overlord  
  80  5:08  Overlord  
  80  5:11  Overlord  
  80  5:17  Baneling Nest  
  79  5:23  Overlord  
  79  5:24  Drone x3  
  79  5:27  Overlord x2  
  82  5:29  Lair  
  82  5:41  Hatchery  
  82  5:42  Drone x4  
  85  5:43  Extractor  
  85  5:46  Drone  
  85  5:50  Drone x2  
  85  5:53  Drone  
  88  6:00  Baneling  
  88  6:01  Zergling x20  
  88  6:02  Baneling  
  88  6:03  Baneling x4  
  98  6:04  Drone  
  98  6:08  Drone  
  98  6:10  Extractor  
  100  6:11  Drone  
  100  6:16  Drone  
  101  6:20  Drone x2  
  101  6:22  Overlord  
  103  6:26  Spore Crawler  
  103  6:28  Centrifical Hooks, Baneling x2  
  103  6:29  Zerg Melee Weapons Level 2  
  103  6:31  Drone  
  103  6:35  Spore Crawler, Drone x2  
  103  6:38  Drone  
  103  6:39  Drone  
  106  6:40  Extractor  
  106  6:43  Zergling x2  
  106  6:44  Zergling x6  
  81  6:54  Zergling x2  
  81  6:55  Zergling x12  
  87  7:05  Zergling x6  
  89  7:10  Drone x2  
  89  7:11  Spire  
  89  7:14  Zergling x2  
  89  7:15  Zergling x6  
  94  7:19  Zergling x6  
  97  7:26  Overlord  
  97  7:27  Hatchery, Zerg Ground Armor Level 2  
  97  7:28  Drone x2  
  98  7:30  Zergling x2  
  98  7:31  Zergling x4  
  98  7:35  Overseer  
  98  7:36  Zergling x6  
  104  7:44  Zergling x8  
  108  7:50  Drone x3  
  111  7:53  Extractor, Drone x3  
  111  7:55  Baneling x8  
  111  7:56  Zergling x8, Baneling x3  
  117  8:05  Overlord  
  117  8:06  Zergling x6  
  117  8:08  Zergling x2  
  117  8:09  Zergling x4  
  123  8:19  Overlord  
  123  8:21  Overlord  
  123  8:24  Mutalisk x6  
  135  8:27  Zerg Flyer Weapons Level 1  
  135  8:28  Overlord  
  135  8:29  Overlord  
  134  8:35  Baneling x2  
  134  8:36  Zergling x2  
  134  8:41  Drone  
  136  8:44  Zergling x16  
  144  8:49  Zergling x4  
  144  8:51  Mutalisk  
  148  8:57  Overseer  
  148  8:58  Mutalisk x3  
  148  8:59  Overlord  
  154  9:07  Zergling x2, Baneling x7  
  154  9:08  Zergling x14  
  154  9:09  Drone  
  163  9:19  Zergling x2  
  163  9:20  Zergling x8  
  115  9:35  Zergling x26  
  115  9:36  Zergling x2, Queen  
  123  9:41  Drone x2  
  123  9:42  Drone x3  
  123  9:43  Mutalisk  
  130  9:45  Drone  
  130  9:46  Mutalisk  
  130  9:52  Zergling x4  
  133  9:54  Baneling x10  
  133  9:55  Mutalisk x2  
  137  10:03  Drone x2  
  137  10:04  Baneling x7  
  137  10:06  Zergling x2  
  137  10:07  Zergling x8  
  144  10:13  Zergling x12  
  149  10:16  Mutalisk x2  
  149  10:19  Drone x2  
  155  10:24  Zergling x12  
  158  10:29  Drone x3  
  158  10:31  Zergling x2  
  158  10:34  Baneling x6  
  162  10:40  Overlord x3  
  161  10:45  Drone x2  
  161  10:48  Baneling x6  
  161  10:49  Zergling x8  
  167  10:55  Overlord  
  167  10:59  Zerg Flyer Armor Level 1  
  167  11:01  Zergling x20  
  167  11:02  Baneling  
  167  11:03  Baneling x4  
  177  11:07  Baneling x3  
  177  11:10  Zergling x4  
  177  11:13  Hatchery  
  177  11:16  Zergling x10  
  179  11:23  Zergling x10  
  178  11:26  Baneling x3  
  178  11:28  Zergling x6  
  155  11:34  Zergling x10  
  155  11:39  Baneling x4  
  160  11:40  Mutalisk  
  160  11:44  Zergling x12  
  167  11:51  Zergling x10  
  171  11:59  Baneling  
  171  12:00  Baneling x4  
  145  12:08  Zergling x2  
  145  12:09  Zergling x26  
  145  12:12  Overseer  
  145  12:13  Overseer  
  145  12:14  Overseer  
  159  12:17  Baneling x9  
  159  12:26  Zergling x18  
  165  12:31  Zergling x8, Baneling x2  
  169  12:41  Zergling x6  
  162  12:46  Zergling x18  
  158  12:52  Baneling x3  
  158  12:54  Zergling x16  
  158  12:58  Zergling x4  
  166  13:00  Zergling x2  
Tags
 
Add a new tag
Caveats
  • Supply blocks, unpowered buildings, or Contaminate may cause inaccurate times.
  • Supply counts are checked every 10 seconds.